 Dungeon Sprint DCSS version 0.19-a0-1714-gcab94ab (webtiles) character file.

198 Theye the Carver (level 5, 0/42 HPs)
             Began as a Demonspawn Gladiator on Sept 28, 2016.
             Succumbed to a scorpion's poison
             ... in the Dungeon (Sprint IX: "|||||||||||||||||||||||||||||").
             The game lasted 00:00:21 (52 turns).

Theye the Carver (Demonspawn Gladiator)               Turns: 52, Time: 00:00:22

Health: 0/42       AC:  5    Str: 16    XL:     5   Next: 47%
Magic:  5/5        EV: 15    Int:  9    God:
Gold:   0          SH:  6    Dex: 14    Spells: 0 memorised, 4 levels left

rFire  . . .     SeeInvis .     a - +0 long sword
rCold  . . .     Gourm    .     b - +0 leather armour
rNeg   . . .     Faith    .     (no shield)
rPois  .         Spirit   .     c - +0 helmet
rElec  .         Dismiss  .     (no cloak)
rCorr  .         Reflect  .     (no gloves)
MR     .....     Harm     .     (no boots)
Stlth  +......... NoTele   +    (no amulet)
                                (no ring)
                                (no ring)

@: lethally poisoned (0 -> -8), exhausted, slowed, very slow
A: claws 1, large bone plates 2
a: no special abilities


You were in the Dungeon.
You were not hungry.

You visited 1 branch

Inventory:

Hand Weapons
 a - a +0 long sword (weapon)
Missiles
 d - 3 throwing nets (quivered)
Armour
 b - a +0 leather armour (worn)
 c - a +0 helmet (worn)
Scrolls
 k - a scroll of blinking
Potions
 g - a potion of heal wounds
 h - a potion of haste
 i - 2 potions of magic
Comestibles
 f - a bread ration


   Skills:
 + Level 4.1 Fighting
 * Level 8.6 Long Blades
 - Level 1.7 Throwing
 + Level 1.8 Armour
 + Level 5.7 Dodging


You had 4 spell levels left.
You didn't know any spells.

Dungeon Overview and Level Annotations

Branches:
Dungeon (1/1)

Altars:


Innate Abilities, Weirdness & Mutations

You have sharp fingernails.
You are mostly covered in large bone plates. (SH +6)


Message History

* * * LOW HITPOINT WARNING * * *
You feel sick.
There is an open door here.
Things that are here:
a scorpion corpse; a worker ant corpse You feel a strong urge to attack something.
You are no longer berserk.
You are exhausted.
You feel yourself slow down.
* * * LOW HITPOINT WARNING * * *
You feel sick.
* * * LOW HITPOINT WARNING * * *
You feel sick.
You enter the shallow water.
Moving in this stuff is going to be slow.
* * * LOW HITPOINT WARNING * * *
You feel very sick.
* * * LOW HITPOINT WARNING * * *
You feel sick.
You die... ▓▓▓▓▓▓▓▓▓▓▓▓▓▓▓▓▓▓ ▓<...†.....†..≈.@+ ▓▓▓▓▓▓▓▓▓▓▓▓▓▓▓▓▓▓

There were no monsters in sight!

Vanquished Creatures
  A sky beast (D)
  A scorpion (D)
  2 worker ants (D)
  An adder zombie (D)
  3 bats (D)
  A goblin (D)
  A rat (D)
10 creatures vanquished.

Notes
Turn   | Place    | Note
-------+----------+-------------------------------------------
     0 | D        | Theye the Demonspawn Gladiator began the quest for the Orb.
     0 | D        | Reached XP level 1. HP: 16/16 MP: 1/1
     6 | D        | Reached skill level 3 in Long Blades
    18 | D        | Noticed a worker ant
    18 | D        | Noticed a worker ant
    18 | D        | Noticed a sky beast
    18 | D        | Noticed a scorpion
    25 | D        | Gained mutation: You are partially covered in large bone plates. (SH +4) [demonic ancestry]
    25 | D        | Reached XP level 2. HP: 19/23 MP: 2/2
    34 | D        | Reached skill level 4 in Long Blades
    34 | D        | Gained mutation: You are mostly covered in large bone plates. (SH +6) [demonic ancestry]
    34 | D        | Reached XP level 3. HP: 13/28 MP: 3/3
    37 | D        | Reached skill level 5 in Long Blades
    39 | D        | Killed a sky beast
    39 | D        | Reached skill level 7 in Long Blades
    39 | D        | Reached skill level 1 in Armour
    39 | D        | Reached skill level 5 in Dodging
    39 | D        | Gained mutation: You have sharp fingernails. [demonic ancestry]
    39 | D        | Reached XP level 4. HP: 18/37 MP: 4/4
    39 | D        | Reached XP level 5. HP: 21/42 MP: 5/5
    46 | D        | Reached skill level 8 in Long Blades
    51 | D        | HP: 2/42 [poisoned by a scorpion]
    52 | D        | Succumbed to a scorpion's poison

Vault maps used:
D:        linesprint

Skill      XL: |  1  2  3  4  5 |
---------------+----------------+-----
Long Blades    | 3 4 7 8 |  8.6
Dodging        | 3 4 5 |  5.7
Fighting       | 3 4 |  4.1
Armour         | 1 |  1.8
Throwing       | |  1.7

Action                   |  1- 3 |  4- 6 || total
-------------------------+-------+-------++-------
Melee: Long sword        |    35 |     8 ||    43
  Use: Potion            |     2 |       ||     2
Armor: Leather armour    |     7 |       ||     7
Dodge: Dodged            |    17 |     3 ||    20
Block: Other             |     2 |       ||     2
